 Dungeon Crawl Stone Soup version 0.19.1 (webtiles) character file.

63 KingBobo974 the Ruffian (level 3, -2/28 HPs)
             Began as a Draconian Transmuter on Dec 9, 2016.
             Slain by a gnoll
             ... wielding a +0 halberd
              (7 damage)
             ... on level 3 of the Dungeon.
             The game lasted 00:08:28 (1644 turns).

KingBobo974 the Ruffian (Draconian Transmuter)      Turns: 1644, Time: 00:08:28

Health: -2/28      AC:  5    Str: 13    XL:     3   Next: 87%
Magic:  6/6        EV: 15    Int: 13    God:
Gold:   86         SH:  0    Dex: 11    Spells: 1 memorised, 5 levels left

rFire  . . .     SeeInvis .       - Unarmed
rCold  . . .     Gourm    .     (armour unavailable)
rNeg   . . .     Faith    .     (no shield)
rPois  .         Spirit   .     (helmet restricted)
rElec  .         Reflect  .     (no cloak)
rCorr  .         Harm     .     (no gloves)
MR     .....                    (no boots)
Stlth  +.........               (no amulet)
                                (no ring)
                                f - +3 ring of evasion

@: no status effects
A: unfitting armour, cold-blooded, AC +5
a: no special abilities


You were on level 3 of the Dungeon.
You were not hungry.

You visited 1 branch of the dungeon, and saw 3 of its levels.

You collected 86 gold pieces.

Inventory:

Hand Weapons
 i - a +0 mace
Missiles
 a - 12 arrows
Jewellery
 f - a +3 ring of evasion (left hand)
 n - a cursed +2 ring of intelligence {unknown}
Scrolls
 e - 2 scrolls of remove curse {unknown}
 g - 3 scrolls of blinking {unknown}
 h - 2 scrolls of identify {unknown}
 j - a scroll of amnesia {unknown}
 l - a scroll of enchant weapon {unknown}
 m - 2 scrolls of teleportation {unknown}
 q - a scroll of fear {unknown}
Potions
 d - a potion of curing
 k - a potion of might {unknown}
 p - a potion of mutation {unknown}
Books
 b - a book of Changes

   Spells                             Type                      Level
   a - Beastly Appendage              Transmutation                1
   b - Sticks to Snakes               Transmutation                2
   c - Spider Form                    Transmutation/Poison         3
   d - Ice Form                       Ice/Transmutation            4
   e - Blade Hands                    Transmutation                5
Comestibles
 c - a bread ration
 o - 4 fruits
 r - 2 chunks of flesh


   Skills:
 - Level 1.3 Fighting
 + Level 2.5 Dodging
 * Level 4.0 Unarmed Combat
 + Level 2.3 Spellcasting
 - Level 2.0 Transmutations


You had 5 spell levels left.
You knew the following spells:

 Your Spells              Type           Power        Failure   Level  Hunger
a - Beastly Appendage     Tmut           #.....       12%         1    #......


Dungeon Overview and Level Annotations

Branches:
Dungeon (3/15)

Altars:
Dithmenos
Elyvilon
Kikubaaqudgha


Innate Abilities, Weirdness & Mutations

Your plain brown scales are hard. (AC +5)
You cannot fit into any form of body armour.
You are cold-blooded and may be slowed by cold attacks.


Message History

* * * LOW HITPOINT WARNING * * *
You are too injured to fight recklessly!
You are too injured to fight recklessly!
You are too injured to fight recklessly!
You are too injured to fight recklessly!
You are too injured to fight recklessly!
You feel better.
You hit the gnoll.
The gnoll is lightly wounded.
You barely miss the gnoll.
The gnoll is lightly wounded.
You closely miss the gnoll.
The gnoll is lightly wounded.
The gnoll barely misses you.
You closely miss the gnoll.
The gnoll is lightly wounded.
The gnoll hits you with a flail.
* * * LOW HITPOINT WARNING * * *
The gnoll hits you with a halberd!
You die...

.# .# .# .# .###
...#
#########...####
>......gg.......
######@#.......
..#)#..##### #
###.#.#..%.
#..#<#.#.#####.
#................
#....#.#####.#...
#.####.# ... ..#
### ....


You could see 2 gnolls.

Vanquished Creatures
  2 adders (D:2)
  A gnoll (D:3)
  3 leopard geckos
  5 hobgoblins (D:1)
  2 jackals (D:2)
  4 kobolds
  A quokka (D:2)
  A ball python (D:1)
  6 bats
  2 frilled lizards
  2 goblins
  4 rats
33 creatures vanquished.

Notes
Turn   | Place    | Note
-------+----------+-------------------------------------------
     0 | D:1      | KingBobo974 the Draconian Transmuter began the quest for the Orb.
     0 | D:1      | Reached XP level 1. HP: 16/16 MP: 3/3
   194 | D:1      | Reached XP level 2. HP: 19/23 MP: 3/5
   816 | D:2      | Found a white marble altar of Elyvilon.
   831 | D:2      | Reached XP level 3. HP: 25/28 MP: 6/6
  1070 | D:2      | Found an ancient bone altar of Kikubaaqudgha.
  1521 | D:2      | Found a shadowy altar of Dithmenos.
  1631 | D:3      | Reached skill level 4 in Unarmed Combat
  1644 | D:3      | Slain by a gnoll

Skill      XL: |  1  2  3 |
---------------+----------+-----
Dodging        | 2 |  2.5
Unarmed Combat | 4 |  4.0
Fighting       | |  1.3
Spellcasting   | |  2.3
Transmutations | |  2.0

Action                   || total
-------------------------++-------
Melee: Unarmed           ||   136
       Mace              ||     8
       Tailslap          ||    15
       Punch             ||     1
 Cast: Beastly Appendage ||     1
  Use: Potion            ||     2
       Scroll            ||     1
  Eat: Bread ration      ||     1
Armor: Skin              ||    29
Dodge: Dodged            ||   119
